 Dungeon Crawl Stone Soup version 0.22-a0-480-g991dd4b2b4 (webtiles) character file.

3 Oravi the Conjurer (level 1, -2/14 HPs)
             Began as a Draconian Conjurer on June 15, 2018.
             Slain by a jackal (3 damage)
             ... on level 1 of the Dungeon.
             The game lasted 00:00:52 (154 turns).

Oravi the Conjurer (Draconian Conjurer)              Turns: 154, Time: 00:00:53

Health: -2/14      AC:  4    Str: 10    XL:     1   Next: 41%
Magic:  0/3        EV: 12    Int: 15    God:
Gold:   5          SH:  0    Dex: 11    Spells: 3/4 levels left

rFire    . . .     SeeInvis .   (no weapon)
rCold    . . .     Gourm    .   (no shield)
rNeg     . . .     Faith    .   (armour unavailable)
rPois    .         Spirit   .   (helmet restricted)
rElec    .         Reflect  .   (no cloak)
rCorr    .         Harm     .   (no gloves)
MR       .....                  (no boots)
Stlth    ++........             (no amulet)
HPRegen  0.04/turn              (no ring)
MPRegen  0.08/turn              (no ring)

@: no status effects
A: unfitting armour, cold-blooded, AC +4
a: no special abilities


You were on level 1 of the Dungeon.
You were not hungry.

You visited 1 branch of the dungeon, and saw 1 of its levels.

You collected 5 gold pieces.

Inventory:

Missiles
 a - 15 stones (quivered)
Comestibles
 b - a ration


   Skills:
 - Level 1.7 Dodging
 - Level 1.7 Stealth
 + Level 2.1 Spellcasting
 + Level 4.1 Conjurations


You had 3 spell levels left.
You knew the following spells:

 Your Spells              Type           Power        Failure   Level  Hunger
a - Magic Dart            Conj           ##..         4%          1    #......

Your spell library contained the following spells:

 Spells                   Type           Power        Failure   Level  Hunger
 Iskenderun's Mystic Bla  Conj           ##......     38%         4    #####..
 Fulminant Prism          Conj/Hex       #.........   67%         4    #####..
 Dazzling Spray           Conj/Hex       #.....       28%         3    ###....
 Force Lance              Conj/Tloc      #.......     67%         4    #####..
 Searing Ray              Conj           ##....       6%          2    ###....


Dungeon Overview and Level Annotations

Branches:
Dungeon (1/15)

Altars:


Innate Abilities, Weirdness & Mutations

Your plain brown scales are hard. (AC +4)
You cannot fit into any form of body armour.
You are cold-blooded and may be slowed by cold attacks.


Message History

Casting: Magic Dart (safe; 4% risk of failure)
Confirm with . or Enter, or press ? or * to list all spells.
Aiming: Magic Dart (safe; 4% risk of failure)
Press: ? - help, Shift-Dir - straight line, f - jackal
Aim: a jackal The magic dart hits the jackal.
The jackal is moderately wounded.
The jackal closely misses you. The jackal misses you.
Casting: Magic Dart (safe; 4% risk of failure)
Confirm with . or Enter, or press ? or * to list all spells.
Aiming: Magic Dart (safe; 4% risk of failure)
Press: ? - help, Shift-Dir - straight line, f/p - jackal
Aim: a jackal (moderately wounded)
The magic dart hits the jackal.
The jackal is heavily wounded.
The jackal closely misses you.
You aren't carrying any potions.
As you read the scroll labeled EKLUTEIJIUN, it crumbles to dust.
The scroll dissolves into smoke.
It was a scroll of fog.
The jackal bites you.
You die...

..P♣P#
#.....#
######
#####.#
#.# #.#
#.# #.#
#§# #§# #
#@# .# #h#
). #h# .#
#.##.##...
#........h
####.##h..
#


You could see 2 jackals.

Vanquished Creatures
  A hobgoblin (D:1)
  A jackal (D:1)
  A kobold (D:1)
3 creatures vanquished.

Notes
Turn   | Place    | Note
-------+----------+-------------------------------------------
     0 | D:1      | Oravi the Draconian Conjurer began the quest for the Orb.
     0 | D:1      | Reached XP level 1. HP: 14/14 MP: 3/3
   154 | D:1      | Slain by a jackal

Vault maps used:
D:1:      kennysheep_arrival_seaside, minmay_strange_pillars, corner_web_ring,
          minmay_box_of_dots

Action                   || total
-------------------------++-------
Melee: Unarmed           ||    23
       Tailslap          ||     2
 Cast: Magic Dart        ||     9
  Use: Scroll            ||     1
Armor: Skin              ||     5
Dodge: Dodged            ||    28

Table legend:
 A = Spawn XP
 B = Non-spawn XP
 C = Spawn XP percentage of total XP
 D = Spawn monster count
 E = Non-spawn monster count
 F = Spawn count percentage of total count
 G = Total turns spent on level
                    A         B        C        D         E        F      G
               +---------+---------+-------+---------+---------+-------+---------
         Total |       0 |       5 |   0.0 |       0 |       3 |   0.0 |   154
               +---------+---------+-------+---------+---------+-------+---------
           D:1 |       0 |       5 |   0.0 |       0 |       3 |   0.0 |   154
               +---------+---------+-------+---------+---------+-------+---------
